[Event "*** Titled Tuesday Blitz"]
[Site "Chess.com"]
[Date "2020.05.12"]
[Round "7"]
[White "Rodalquilar"]
[Black "sergiochess83"]
[Result "0-1"]
[WhiteElo "2615"]
[BlackElo "2818"]
[TimeControl "180+1"]
[EndTime "11:16:12 PDT"]
[Termination "sergiochess83 won on time"]

1. d4 Nf6 2. Bg5 d5 3. e3 c5 4.
c3 Qb6 5. Qc2 cxd4 6. exd4 Nc6 7. Nf3 Ne4 8. Bf4 Bf5 9. Bd3 Rc8 10. O-O e6 11. Nbd2 Nxd2 12. Bxd2 Bxd3 13. Qxd3 Be7 14. b4 O-O 15. a4 a5 16. b5 Nb8 17. Bg5 Bd6 18. Rfe1 Nd7 19. h4 Qc7 20. Bd2 Bf4 21. Ng5 Nf6 22. Bxf4 Qxf4 23. Re5 h6 24. Nf3 Ne4 25. g3 Qg4 26. Nh2 Qh3 27. c4 Nxf2 28. Qf3 Ne4 29. c5 f6 30. Rxe4 dxe4 31. Qg4 Qxg4 32.
Nxg4 Rfd8 33. Rc1 Rxd4 34. Kf2 Rxa4 35. Ne3 Rb4 36. c6 Rxb5 37. c7 Kf8 38. Rc4 f5 39. Nc2 Ke7 40. Nd4 Rb4 0-1

[Event "*** Titled Tuesday Blitz"]
[Site "Chess.com"]
[Date "2020.05.12"]
[Round "7"]
[White "MarcoRiehle"]
[Black "stolencandy13"]
[Result "1-0"]
[WhiteElo "2625"]
[BlackElo "2519"]
[TimeControl "180+1"]
[EndTime "11:16:12 PDT"]
[Termination "MarcoRiehle won by resignation"]

1. e4 c6 2. c4 d5 3. cxd5 cxd5 4. exd5 Nf6 5. Nc3 Nxd5 6. Nf3 Nc6 7. Bb5 e6 8. O-O Be7 9. Re1 O-O 10. d4 Qd6 11. a3 Rd8 12. Ne4 Qc7 13. Bg5 Bd7 14. Rc1 Qb6 15. Bd3 h6 16. Bxe7 Ncxe7 17. b4 Bb5 18. Bb1 Rac8 19. Nc5 a5 20. bxa5 Qc7 21. Ne5 Bc6 22. Qh5 Be8 23. Qf3 Qxa5 24. Nxb7 Rxc1 25. Rxc1 Qa8 26. Nxd8 Qxd8 27. Qd3 Nf5 28. g3 Qg5 29. Rc8 Kf8 30. Qb5 Nd6 31. Qc5 Ke7 32.
Rxe8+ Kxe8 33. Qxd6 Qc1+ 34. Kg2 Nf6 35. Bd3 Qxa3 36. Bb5+ 1-0

[Event "*** Titled Tuesday Blitz"]
[Site "Chess.com"]
[Date "2020.05.12"]
[Round "7"]
[White "PowerThinking2650"]
[Black "karinachess1"]
[Result "0-1"]
[WhiteElo "2283"]
[BlackElo "2452"]
[TimeControl "180+1"]
[EndTime "11:16:12 PDT"]
[Termination "karinachess1 won by resignation"]

1. e4 c5 2. Nf3 Nc6 3. d4 cxd4 4. Nxd4 Qb6 5. Nb3 Nf6 6. Nc3 e6 7. Bd3 Be7 8. O-O a6 9. Be3 Qc7 10. f4 d6 11. Qf3 b5 12. e5 Nd7 13. Qg3 g6 14. exd6 Bxd6 15. Rad1 Be7 16. Qh3 f5 17. Nd4 Nxd4 18. Bxd4 O-O 19. Kh1 Bc5 20. Ne2 Bb7 21.
Qe3 Rae8 22. Bxc5 Nxc5 23. Nd4 e5 24. fxe5 Qxe5 25. Qxe5 Rxe5 26. Be2 Rd8 27. c3 Be4 28. a4 Nxa4 29. c4 Nxb2 30. Rd2 Nxc4 31. Bxc4+ bxc4 0-1

[Event "*** Titled Tuesday Blitz"]
[Site "Chess.com"]
[Date "2020.05.12"]
[Round "7"]
[White "Anuar_Is"]
[Black "Vaathi_Coming"]
[Result "1-0"]
[WhiteElo "2815"]
[BlackElo "2863"]
[TimeControl "180+1"]
[EndTime "11:16:13 PDT"]
[Termination "Anuar_Is won by resignation"]

1. e4 c5 2. Nf3 Nc6 3. d4 cxd4 4.
Nxd4 e6 5. Nc3 Nf6 6. Ndb5 d6 7. Bf4 e5 8. Bg5 a6 9. Na3 b5 10. Nd5 Be7 11. Bxf6 Bxf6 12. c4 b4 13. Nc2 O-O 14.
g3 Bg5 15. Bg2 Rb8 16. b3 Be6 17. O-O a5 18. Kh1 Bh6 19. Qd3 Ne7 20. Nce3 Bxe3 21. Nxe3 Qb6 22. Rad1 Rfd8 23. Rd2 Qc5 24. Nf5 Nc6 25.
Rfd1 Rd7 26. Qe2 Rbd8 27. h4 g6 28. Ne3 h5 29. Nd5 Ra7 30. Rf1 Nd4 31. Qe3 a4 32. Nf6+ Kg7 33. Qg5 Rh8 34. f4 exf4 35. Qxf4 axb3 36.
axb3 Nxb3 37. Rxd6 Nd4 38. Nd5 Nc6 39. e5 Rf8 40.
Qf6+ Kg8 41. Rxc6 Qd4 42. Rxe6 1-0

[Event "*** Titled Tuesday Blitz"]
[Site "Chess.com"]
[Date "2020.05.12"]
[Round "7"]
[White "StockholmMissile"]
[Black "Philos_85"]
[Result "0-1"]
[WhiteElo "2433"]
[BlackElo "2286"]
[TimeControl "180+1"]
[EndTime "11:16:13 PDT"]
[Termination "Philos_85 won by checkmate"]

1. d4 d5 2. c4 c6 3. Nf3 Nf6 4. Nc3 a6 5. c5 g6 6. Bf4 Nh5 7. e3 Bg7 8. Be2 Nd7 9. h3 Nxf4 10. exf4 b6 11. b4 bxc5 12. bxc5 Nxc5 13. O-O O-O 14.
Rc1 Ne4 15. Nxe4 dxe4 16. Ne5 Be6 17. Nxc6 Qd6 18. d5 Bd7 19. Qc2 f5 20. Rfd1 Rfc8 21. Qb3 Bf6 22. g3 Kg7 23. h4 h6 24. Rc2 g5 25. hxg5 hxg5 26. fxg5 Bxg5 27. Na5 Rxc2 28. Qxc2 Rc8 29. Nc4 Qh6 30. Qb2+ Bf6 31. Qd2 Qh7 32. Bf1 Bb5 33. Ne3 Rh8 34. Nxf5+ Qxf5 35. Bxb5 Qh3 36. f4 Qh1+ 37. Kf2 Rh2+ 38. Ke3 Qf3# 0-1

[Event "*** Titled Tuesday Blitz"]
[Site "Chess.com"]
[Date "2020.05.12"]
[Round "7"]
[White "Ave_Mariia"]
[Black "zubridis"]
[Result "1-0"]
[WhiteElo "2276"]
[BlackElo "2458"]
[TimeControl "180+1"]
[EndTime "11:16:14 PDT"]
[Termination "Ave_Mariia won by resignation"]

1. c4 e5 2. Nc3 Bb4 3. Nd5 Bc5 4. b4 Bf8 5. Qb3 c6 6. Nc3 Nf6 7. Nf3 e4 8. Nd4 d5 9. e3 Be7 10. cxd5 cxd5 11. Bb5+ Kf8 12. O-O h5 13. f3 exf3 14. Nxf3 Nc6 15. Bb2 Nxb4 16. Ng5 a6 17. Be2 Bg4 18.
e4 Bxe2 19. Nxe2 Kg8 20. e5 Ne4 21. Nxe4 dxe4 22. Qxf7+ Kh7 23. Qxh5+ Kg8 24. Qf7+ Kh7 25. Rf5 Bg5 26. Qh5+ Bh6 27. Raf1 Nd3 28. Rf6 Nxb2 29. Rxh6+ 1-0

[Event "*** Titled Tuesday Blitz"]
[Site "Chess.com"]
[Date "2020.05.12"]
[Round "7"]
[White "OMGCovid-19"]
[Black "ChessBitl"]
[Result "0-1"]
[WhiteElo "1932"]
[BlackElo "2308"]
[TimeControl "180+1"]
[EndTime "11:16:14 PDT"]
[Termination "ChessBitl won by resignation"]

1. d4 Nf6 2. Nf3 g6 3. Bg5 Bg7 4. Nbd2 O-O 5. e4 d6 6. Bd3 c5 7. c3 Nc6 8. d5 Nb8 9. O-O a6 10.
Ne1 Nbd7 11. f4 e6 12. dxe6 fxe6 13. Nef3 b5 14. e5 Bb7 15. Qe1 c4 16. Bc2 Qb6+ 17. Kh1 Nd5 18. Nd4 dxe5 19. fxe5 Nxe5 20. Qh4 Rxf1+ 21.
Rxf1 Rf8 22. Rxf8+ Bxf8 23. Ne4 Bg7 24. Bd8 Qa7 25.
Ng5 h6 26. Ngxe6 Bc8 27. Nxg7 Qxg7 28. Qe4 Bb7 29. Qh4 Kh7 30. Bg5 Nf7 31. Bc1 Qe5 32.
h3 Ne3 33. Bxe3 Qxe3 34. Qf6 Qxh3+ 0-1

[Event "*** Titled Tuesday Blitz"]
[Site "Chess.com"]
[Date "2020.05.12"]
[Round "7"]
[White "DonPreuss"]
[Black "realmadridtv"]
[Result "0-1"]
[WhiteElo "2189"]
[BlackElo "2460"]
[TimeControl "180+1"]
[EndTime "11:16:15 PDT"]
[Termination "realmadridtv won by resignation"]

1. d4 Nf6 2. Nc3 d5 3. e4 Nxe4 4. Nxe4 dxe4 5. Bc4 e6 6. c3 c5 7. d5 Be7 8. dxe6 Qxd1+ 9. Kxd1 Bxe6 10. Bxe6 fxe6 11.
Ne2 O-O 12. Be3 Nc6 13. Ng3 Ne5 14. Nxe4 Nc4 15. Ke2 Nxb2 16. Rab1 Na4 17. Rxb7 Rf7 18. Rhb1 h6 19. Rc7 Raf8 20. Rxa7 Nxc3+ 21. Nxc3 c4 22. Rd7 Bf6 23. Rxf7 Rxf7 24. Ne4 Be5 25. Rc1 Rc7 26. f4 Bb2 27. Rc2 c3 28. Bd4 Rc4 29. Kd3 Ra4 30. Nxc3 Bxc3 31. Bxc3 Rxf4 32. a3 Kf7 33. Ra2 Ra4 34. Bb4 e5 35. Kc3 Ke6 36. Kb3 Ra8 37. a4 e4 38. a5 Kd5 39. a6 e3 40. a7 Ke4 41. Bc5 Kd3 42. Ka4 e2 43. Bb4 Rxa7+ 44. Kb3 Rxa2 45. Kxa2 Kc2 46. Ka3 g5 47. Ka4 Kd1 48. Kb5 e1=Q 49. Bxe1 Kxe1 0-1

[Event "*** Titled Tuesday Blitz"]
[Site "Chess.com"]
[Date "2020.05.12"]
[Round "7"]
[White "aNaartjieZA"]
[Black "Kezin_Roman"]
[Result "0-1"]
[WhiteElo "2603"]
[BlackElo "2794"]
[TimeControl "180+1"]
[EndTime "11:16:17 PDT"]
[Termination "Kezin_Roman won by resignation"]

1. e4 c5 2. Nf3 e6 3. d3 Nc6 4. g3 g6 5. Bg2 Bg7 6. O-O Nge7 7. Re1 O-O 8. Nbd2 d6 9. c3 b6 10. a4 Bb7 11. Nf1 Rc8 12. h3 Qd7 13. N1h2 f5 14. exf5 Nxf5 15. Ng5 Rce8 16. Ng4 Nd8 17. Ne4 d5 18. Ng5 e5 19. a5 h6 20.
Nf3 Nf7 21. axb6 axb6 22. Ra7 h5 23. Ngh2 Ra8 24. Rxa8 Bxa8 25. Ng5 Nxg5 26. Bxg5 b5 27. g4 Nd6 28. gxh5 Qf5 29. Bh4 gxh5 30. Qf3 Qg6 31. Qg3 Qe6 32. Nf3 Nf5 33. Ng5 Qg6 0-1

[Event "*** Titled Tuesday Blitz"]
[Site "Chess.com"]
[Date "2020.05.12"]
[Round "7"]
[White "HouseOfDurin"]
[Black "Zubrrr"]
[Result "0-1"]
[WhiteElo "2031"]
[BlackElo "2635"]
[TimeControl "180+1"]
[EndTime "11:16:17 PDT"]
[Termination "Zubrrr won on time"]

1. d4 d5 2. Bg5 h6 3. Bh4 c5 4.
c3 Nc6 5. e3 g5 6. Bg3 Nf6 7.
Bb5 Ne4 8. Nd2 Nxg3 9. hxg3 Qb6 10. Bxc6+ bxc6 11. Qb3 Bg7 12. dxc5 Qxc5 13. Ne2 Ba6 14. Nd4 e6 15. Qa4 Bb5 16. Nxb5 cxb5 17. Qa5 O-O 18.
a4 Rab8 19. axb5 Rxb5 20. Qxa7 Qxa7 21. Rxa7 Rxb2 22. Rc7 Ra8 23. Ke2 Raa2 24. Rd1 e5 25. f3 e4 26. fxe4 dxe4 27. Rc4 Rc2 28. Rd4 Bxd4 29.
cxd4 f5 0-1

[Event "*** Titled Tuesday Blitz"]
[Site "Chess.com"]
[Date "2020.05.12"]
[Round "7"]
[White "Ranindu2003"]
[Black "BikingBrian"]
[Result "1-0"]
[WhiteElo "2427"]
[BlackElo "2242"]
[TimeControl "180+1"]
[EndTime "11:16:17 PDT"]
[Termination "Ranindu2003 won by resignation"]

1. e4 c5 2. Nf3 g6 3. c3 Bg7 4. d4 cxd4 5. cxd4 d5 6. e5 Bg4 7. Nbd2 Nc6 8. Bb5 e6 9. h3 Bxf3 10. Qxf3 Ne7 11. O-O O-O 12. Nb3 Qb6 13. Bxc6 Nxc6 14.
Rd1 a5 15. Be3 a4 16. Nc5 Qc7 17. Rac1 b6 18. Nd3 Qd7 19. h4 Rfc8 20. h5 Ne7 21.
hxg6 hxg6 22. g4 Rxc1 23. Rxc1 Rc8 24. Rd1 Rf8 25. Bg5 Nc6 26. Qf4 Qc7 27. Kg2 f6 28.
exf6 Qxf4 29. Nxf4 Bxf6 30. Bh6 Re8 31. g5 Bxd4 32.
Nxg6 e5 33. Nh4 Ne7 34. f4 Be3 35. f5 Rf8 36. f6 Nc6 37. Bxf8 Kxf8 38. Rxd5 Nd4 39.
Rd7 1-0

[Event "*** Titled Tuesday Blitz"]
[Site "Chess.com"]
[Date "2020.05.12"]
[Round "7"]
[White "Andrii_Prydun"]
[Black "ALeks_Ivlev"]
[Result "0-1"]
[WhiteElo "2428"]
[BlackElo "2601"]
[TimeControl "180+1"]
[EndTime "11:16:18 PDT"]
[Termination "ALeks_Ivlev won by resignation"]

1. d4 Nf6 2. Nc3 d5 3. Bf4 Bf5 4. e4 dxe4 5. Nge2 e6 6. Ng3 Bg6 7. Bc4 Bd6 8. Bg5 Nbd7 9. Ngxe4 Be7 10. Nxf6+ Nxf6 11. O-O O-O 12. Re1 a6 13. a3 h6 14.
Bh4 Qd7 15. d5 exd5 16. Nxd5 Nxd5 17. Bxe7 Rfe8 18. Qxd5 Rxe7 19. Rxe7 Qxe7 20. Qxb7 Rd8 21. Qxa6 Bxc2 22. h3 Qe5 23. Qb5 Qf6 24. Qc5 Qxb2 25. Re1 Bg6 26. Qxc7 Qd2 27. Re7 Qc1+ 28. Kh2 Rd1 29.
Rxf7 Rh1+ 30. Kg3 Qg5+ 31. Kf3 Qh5+ 32. g4 Qxh3+ 33. Ke2 Qf1+ 34. Kd2 Qc1+ 35. Ke2 Qc2+ 36. Ke3 Re1+ 37. Kd4 Re4+ 38. Kd5 Bxf7+ 0-1

[Event "*** Titled Tuesday Blitz"]
[Site "Chess.com"]
[Date "2020.05.12"]
[Round "7"]
[White "abykhovsky"]
[Black "Mikhail_Golubev"]
[Result "1-0"]
[WhiteElo "2685"]
[BlackElo "2520"]
[TimeControl "180+1"]
[EndTime "11:16:19 PDT"]
[Termination "abykhovsky won by resignation"]

1. d4 Nf6 2. Nf3 d6 3. c4 g6 4. Nc3 Bg7 5. e4 O-O 6. Be2 e5 7. O-O Nc6 8. d5 Ne7 9. b4 Ne8 10. Nd2 f5 11. c5 Nf6 12. f3 f4 13. Nc4 g5 14. Ba3 Ng6 15. b5 dxc5 16. Bxc5 Rf7 17.
Qb3 g4 18. Rfd1 g3 19. h3 b6 20. Bb4 Bxh3 21. gxh3 Qd7 22. Bf1 Nh4 23. Nxe5 Qe8 24. Nxf7 Nxf3+ 25. Kh1 Qxf7 26. d6 Qxb3 27. axb3 cxd6 28.
Bxd6 Rc8 29. Bc4+ Kh8 30. Rxa7 Nh4 31. Rxg7 Kxg7 32. Bxf4 Nh5 33. Be5+ Kh6 34. Rd6+ Kg5 35. Rd5 Kg6 36. Be2 g2+ 37. Kh2 Rxc3 38. Bxh5+ 1-0

[Event "*** Titled Tuesday Blitz"]
[Site "Chess.com"]
[Date "2020.05.12"]
[Round "7"]
[White "Camels1981"]
[Black "ThunderrPanda"]
[Result "1-0"]
[WhiteElo "2307"]
[BlackElo "2776"]
[TimeControl "180+1"]
[EndTime "11:16:20 PDT"]
[Termination "Camels1981 won by resignation"]

1. e4 c5 2. Nf3 d6 3. d4 cxd4 4. Nxd4 Nf6 5. Nc3 a6 6. Bc4 e6 7. Bb3 Nbd7 8. O-O Nc5 9. f4 Nfxe4 10. Nxe4 Nxe4 11. f5 e5 12. Qh5 d5 13. Re1 Qc7 14. Bxd5 Nf6 15. Bxf7+ Qxf7 16. Rxe5+ Be7 17. Qe2 Kf8 18. Bg5 Bd6 19. Re1 Bd7 20. Ne6+ Kg8 21. Bxf6 Qxf6 22. Rd5 Bxe6 23. Rxd6 Qxf5 24. Rxe6 h6 25.
Rf1 Qc5+ 26. Kh1 Qd5 27. c4 Qg5 28. Re7 b5 29. Qe6+ Kh7 30. Qe4+ Qg6 31. Rxg7+ Kxg7 32. Qb7+ Kg8 33. Qxa8+ Kh7 34. Qb7+ Kg8 35. Qc8+ Kh7 36. Qd7+ Kg8 37. Qd8+ 1-0

[Event "*** Titled Tuesday Blitz"]
[Site "Chess.com"]
[Date "2020.05.12"]
[Round "7"]
[White "mfwagnerpeixoto"]
[Black "Ariadna_Atreides"]
[Result "1/2-1/2"]
[WhiteElo "2234"]
[BlackElo "2084"]
[TimeControl "180+1"]
[EndTime "11:16:20 PDT"]
[Termination "Game drawn by repetition"]

1. d4 e6 2. Nf3 Nf6 3. g3 b6 4.
Bg2 Bb7 5. O-O Be7 6. c4 O-O 7.
Nc3 d6 8. d5 e5 9. Nxe5 dxe5 10. d6 Bxg2 11. dxe7 Qxe7 12. Kxg2 Rd8 13. Qc2 Nc6 14. Bg5 Nd4 15. Qd3 h6 16. Bxf6 Qxf6 17. Nd5 Qd6 18. e3 Ne6 19. Rfd1 Kh8 20. Qf5 c6 21. Nf6 g6 22. Rxd6 gxf5 23. Rxc6 Rd2 24. b3 Kg7 25. Nd5 Nc5 26. Rc7 Ne4 27. Rf1 Rxa2 28.
Ne7 Kf6 29. Nd5+ Kg6 30. Ne7+ Kf6 31. Nd5+ Kg6 32. Ne7+ Kf6 1/2-1/2

[Event "*** Titled Tuesday Blitz"]
[Site "Chess.com"]
[Date "2020.05.12"]
[Round "7"]
[White "kirillshevchenko"]
[Black "murtas73"]
[Result "0-1"]
[WhiteElo "2809"]
[BlackElo "2636"]
[TimeControl "180+1"]
[EndTime "11:16:21 PDT"]
[Termination "murtas73 won on time"]

1. e4 e6 2. d4 d5 3. Nc3 Bb4 4. e5 c5 5. a3 Ba5 6. b4 cxd4 7.
Nb5 Bc7 8. f4 Bd7 9. Nxc7+ Qxc7 10. Nf3 Ba4 11. Bd3 Nc6 12. O-O Nge7 13. Qe1 Qb6 14.
Rb1 Bb5 15. Qf2 a6 16. g4 h5 17. h3 hxg4 18. hxg4 Rc8 19. Bb2 Bxd3 20. cxd3 Ng6 21. Nxd4 Nxd4 22. Bxd4 Qb5 23. f5 exf5 24. Qxf5 O-O 25. e6 Qe8 26. exf7+ Qxf7 27. Qg5 Qe6 28. Rf5 Qd6 29. Qe3 Rfe8 30. Qh3 Rc2 31. Rbf1 Ree2 32. Rg5 Rg2+ 33. Qxg2 Rxg2+ 34. Kxg2 Nf4+ 35. Kf3 Ne6 36. Be3 d4 37. Bd2 Qh2 0-1

[Event "*** Titled Tuesday Blitz"]
[Site "Chess.com"]
[Date "2020.05.12"]
[Round "7"]
[White "Love_craft"]
[Black "GMKrikor"]
[Result "1-0"]
[WhiteElo "2624"]
[BlackElo "2800"]
[TimeControl "180+1"]
[EndTime "11:16:21 PDT"]
[Termination "Love_craft won by resignation"]

1. d4 Nf6 2. c4 g6 3. Nc3 d5 4. cxd5 Nxd5 5. e4 Nxc3 6. bxc3 c5 7. Nf3 Bg7 8. h3 O-O 9. Be2 b6 10. O-O Bb7 11. Qc2 cxd4 12. cxd4 Nc6 13. d5 Nb4 14. Qb1 Bxa1 15. Qxa1 f6 16. Bh6 Rf7 17. Qd4 Na6 18. Bc4 Nc5 19. e5 Rc8 20. exf6 Nd7 21. fxe7 Qxe7 22. d6 Qf6 23. Bxf7+ Qxf7 24. Ng5 Qf6 25. Qd3 Ne5 26. Qb3+ Nc4 27. d7 Rd8 28. Qxc4+ 1-0

[Event "*** Titled Tuesday Blitz"]
[Site "Chess.com"]
[Date "2020.05.12"]
[Round "7"]
[White "emiliocordova"]
[Black "Malysch"]
[Result "0-1"]
[WhiteElo "2820"]
[BlackElo "2460"]
[TimeControl "180+1"]
[EndTime "11:16:21 PDT"]
[Termination "Malysch won by resignation"]

1. d4 Nf6 2. Nf3 c5 3. e3 b6 4. Bd3 Bb7 5. c4 cxd4 6. exd4 d5 7. O-O e6 8. Nc3 dxc4 9. Bxc4 Be7 10. a3 O-O 11.
Re1 Nc6 12. Ba2 Rc8 13. Bg5 h6 14. Be3 Na5 15. Ne5 Bxa3 16. Qd2 Bb4 17. Bxh6 Bxc3 18. bxc3 gxh6 19. Qxh6 Rxc3 20. Ng6 Nh7 21. Rxe6 Nb3 22. Bxb3 Rxb3 23. Ne7+ Kh8 24. Re5 Qxd4 25. Rae1 Qxe5 0-1

[Event "*** Titled Tuesday Blitz"]
[Site "Chess.com"]
[Date "2020.05.12"]
[Round "7"]
[White "ajian"]
[Black "bmt011"]
[Result "0-1"]
[WhiteElo "2360"]
[BlackElo "2101"]
[TimeControl "180+1"]
[EndTime "11:16:21 PDT"]
[Termination "bmt011 won by checkmate"]

1. d4 Nf6 2. c4 e6 3. Nc3 Bb4 4. Qc2 O-O 5. a3 Bxc3+ 6. Qxc3 Ne4 7. Qc2 f5 8. g3 b6 9. Bg2 Bb7 10. Nf3 a5 11. Ng5 Qf6 12. O-O Qxd4 13. Be3 Qf6 14.
Nxe4 Bxe4 15. Bxe4 fxe4 16. Qxe4 Nc6 17. Rad1 Rad8 18. Rd2 a4 19. h4 h6 20. Rfd1 Rf7 21. c5 b5 22. Bf4 Na5 23. Bxc7 Qxf2+ 24. Kh1 Rdf8 25. Bf4 Rxf4 26. gxf4 Rxf4 27. Qxf4 Qxf4 28. Rxd7 Qxh4+ 29. Kg2 Qg4+ 30. Kf2 Qf4+ 31. Kg2 Nc4 32. R1d3 Ne3+ 33. Kh3 Qg4+ 34. Kh2 Qg2# 0-1

[Event "*** Titled Tuesday Blitz"]
[Site "Chess.com"]
[Date "2020.05.12"]
[Round "7"]
[White "MightyGMpretender"]
[Black "Parkas"]
[Result "1-0"]
[WhiteElo "2583"]
[BlackElo "2411"]
[TimeControl "180+1"]
[EndTime "11:16:22 PDT"]
[Termination "MightyGMpretender won on time"]

1. d4 Nf6 2. Nf3 e6 3. Bg5 h6 4. Bh4 c5 5. e3 Be7 6. Nbd2 b6 7.
Bd3 Bb7 8. O-O d5 9. c3 Nbd7 10. Ne5 Nxe5 11. dxe5 Nd7 12. Bg3 h5 13. h3 g5 14. e4 Qc7 15. exd5 Bxd5 16. Be4 Qb7 17. Bxd5 Qxd5 18. Qf3 Qxf3 19. Nxf3 g4 20. hxg4 hxg4 21. Nd2 Rh5 22. Rfe1 Rd8 23. Rad1 Nf8 24. Ne4 Rxd1 25. Rxd1 Ng6 26. Nf6+ Bxf6 27. exf6 Rf5 28. Bb8 Rxf6 29. Bxa7 e5 30. b4 cxb4 31. cxb4 Nf4 32. Re1 Nd3 33.
Re3 Rd6 34. b5 f6 35. a4 Nb2 36. a5 Nc4 37. Re4 Nxa5 38. Rxg4 Kd7 39. Rg7+ Ke6 40.
g4 Kd5 41. Bb8 Rd8 42. Bc7 Rc8 43. Bxb6 Nc4 44. Ba7 Kd6 45. b6 1-0

[Event "*** Titled Tuesday Blitz"]
[Site "Chess.com"]
[Date "2020.05.12"]
[Round "7"]
[White "HaryKane"]
[Black "Generalas"]
[Result "1-0"]
[WhiteElo "2605"]
[BlackElo "2383"]
[TimeControl "180+1"]
[EndTime "11:16:22 PDT"]
[Termination "HaryKane won by resignation"]

1. e4 e5 2. Nf3 Nc6 3. d4 exd4 4. Bc4 Nf6 5. e5 d5 6. Bb5 Ne4 7. Nxd4 Bc5 8. Be3 Bd7 9. Bxc6 bxc6 10. O-O O-O 11. f3 Ng5 12. f4 Ne6 13. Qd2 f6 14. Nxe6 Bxe3+ 15. Qxe3 Bxe6 16. Nd2 fxe5 17. fxe5 Rxf1+ 18. Rxf1 d4 19. Qf4 Qd5 20. Nf3 Rf8 21. Qh4 h6 22.
Nxd4 Rxf1+ 23. Kxf1 Qxe5 24. Qd8+ Kh7 25. Nxe6 Qxe6 26.
Qd3+ Kg8 27. Qb3 Qd5 28. Kf2 Kf7 29. Qxd5+ cxd5 30. Ke3 Ke6 31. Kd4 Kd6 32. b4 a5 33.
bxa5 c5+ 34. Ke3 Kc6 35. Kf4 Kb5 36. Ke5 d4 37. Kd5 Kb4 38. a6 Kc3 39. a7 Kxc2 40.
a8=Q d3 41. Kxc5 d2 42. Qe4+ Kb2 43. Qd4+ 1-0

[Event "*** Titled Tuesday Blitz"]
[Site "Chess.com"]
[Date "2020.05.12"]
[Round "7"]
[White "maurito96"]
[Black "pfalcon1949"]
[Result "1-0"]
[WhiteElo "2200"]
[BlackElo "1984"]
[TimeControl "180+1"]
[EndTime "11:16:22 PDT"]
[Termination "maurito96 won by resignation"]

1. e4 e6 2. d4 d5 3. Nd2 c5 4. exd5 exd5 5. Ngf3 a6 6. c3 Nc6 7. dxc5 Bxc5 8. Nb3 Ba7 9. Be2 Nge7 10. O-O O-O 11. Bf4 Bg4 12. h3 Bh5 13. Nbd4 Qb6 14. Nb3 a5 15. Be3 Qc7 16. Bxa7 Nxa7 17. Nfd4 Nac6 18. Bxh5 Nxd4 19. Nxd4 Rac8 20. Re1 Nc6 21. Nxc6 bxc6 22. Bf3 Qb6 23. Qd2 Rfd8 24. b3 a4 25. b4 c5 26. bxc5 Qxc5 27. Re3 d4 28.
cxd4 Rxd4 29. Qe2 g6 30. Re8+ Rxe8 31. Qxe8+ Kg7 32. Re1 Qd6 33. Qe5+ Qxe5 34. Rxe5 Rd2 35. Bd5 Kf6 36. f4 h5 37. a3 h4 38. Bc6 Rd4 39.
Ra5 Rxf4 40. Rxa4 Rf5 41. Rxh4 Ra5 42. a4 Rc5 43. Bb5 Rc1+ 44. Kh2 Ra1 45. Re4 Kg5 46. Kg3 f5 47. Rb4 Ra3+ 48. Kf2 Kh5 49. Be2+ Kg5 50. h4+ Kh6 51. g4 fxg4 52. Rxg4 Kg7 53. Bb5 Kh6 54. Rc4 Kh5 55. Ke2 g5 56. hxg5 Kxg5 57. Kd2 Kf5 58. Kc2 Ke5 59. Kb2 Rh3 60. Rc1 Kd5 61. Ra1 Kc5 62.
Ra3 Rh2+ 63. Kc3 Rh3+ 64. Bd3 Kb6 65. a5+ Ka7 66. a6 Rg3 67. Rb3 Rh3 68. Rb7+ Ka8 69.
Rg7 Re3 70. Kd4 Rh3 71. Be4+ Kb8 72. a7+ 1-0

[Event "*** Titled Tuesday Blitz"]
[Site "Chess.com"]
[Date "2020.05.12"]
[Round "7"]
[White "LazovT"]
[Black "SlovenskiZmaj"]
[Result "0-1"]
[WhiteElo "2674"]
[BlackElo "2553"]
[TimeControl "180+1"]
[EndTime "11:16:23 PDT"]
[Termination "SlovenskiZmaj won by checkmate"]

1. Nf3 d6 2. g3 f5 3. Bg2 Nf6 4. O-O g6 5. a4 Bg7 6. a5 a6 7. d3 O-O 8. Nc3 c6 9. e4 e5 10. exf5 Bxf5 11. Ra4 Nbd7 12. Ng5 Nc5 13. Rh4 h6 14.
Nge4 g5 15. Nxf6+ Qxf6 16. Rb4 Rab8 17. Ne4 Nxe4 18. dxe4 Bg6 19. Be3 Qe7 20. Qd2 Rbd8 21. h3 Kh7 22. Rd1 Rd7 23. Bf1 d5 24. Rb6 d4 25.
Qd3 dxe3 26. Qxd7 exf2+ 27. Kg2 Qf6 28. Rxb7 Rf7 29. Qc8 Qf3+ 30. Kh2 Rxb7 31. Qxb7 Bxe4 32. g4 Qf4# 0-1

[Event "*** Titled Tuesday Blitz"]
[Site "Chess.com"]
[Date "2020.05.12"]
[Round "7"]
[White "Semen_Khanin"]
[Black "ThePatrick27"]
[Result "1-0"]
[WhiteElo "2695"]
[BlackElo "2531"]
[TimeControl "180+1"]
[EndTime "11:16:24 PDT"]
[Termination "Semen_Khanin won by resignation"]

1. e4 e5 2. Nf3 Nc6 3. Bb5 a6 4. Ba4 Nf6 5. O-O Be7 6. d3 b5 7.
Bb3 d6 8. a3 O-O 9. Nc3 Be6 10.
Bxe6 fxe6 11. b4 Re8 12. Bd2 Bf8 13. Qb1 g6 14. Ne2 Bg7 15. Qb3 d5 16. Ng3 Qd6 17.
Rfe1 Nd7 18. Rad1 Rf8 19. Bc3 Rf7 20. Bb2 h6 21. exd5 exd5 22. d4 e4 23. Ne5 Rff8 24. Nxe4 Qe6 25. Nxd7 Qxd7 26. Nc5 Qf7 27. f3 Rfe8 28.
c3 Ne7 29. Ne6 Nf5 30. Qxd5 Rad8 31. Qb3 Rd7 32. Nc5 Rde7 33. Qxf7+ Kxf7 34. Rxe7+ Rxe7 35. Kf2 Ne3 36. Re1 Nc4 37. Rxe7+ Kxe7 38. Bc1 c6 39.
Nxa6 Ke6 40. Nc5+ Kd6 41. g4 Kd5 42. h4 h5 43. gxh5 gxh5 44. Nd3 Bf6 45. Bg5 Kd6 46. Bxf6 1-0

[Event "*** Titled Tuesday Blitz"]
[Site "Chess.com"]
[Date "2020.05.12"]
[Round "7"]
[White "Kostya26"]
[Black "vanea_03"]
[Result "0-1"]
[WhiteElo "2394"]
[BlackElo "2620"]
[TimeControl "180+1"]
[EndTime "11:16:24 PDT"]
[Termination "vanea_03 won by resignation"]

1. e4 e5 2. Nf3 Nc6 3. d4 exd4 4. c3 d3 5. Bxd3 g6 6. Bf4 Bg7 7. Nbd2 d6 8. O-O Nf6 9. h3 O-O 10. Qc2 Nd7 11. Rad1 Nde5 12. Nxe5 Nxe5 13. Be2 Qe7 14. Nf3 Be6 15. Nxe5 Bxe5 16. Bxe5 dxe5 17. Rd2 Rfd8 18. Rfd1 Rxd2 19. Rxd2 Rd8 20. a3 Rd6 21. Rxd6 cxd6 22.
Qa4 a6 23. Qb4 Qc7 24. h4 Kg7 25. g3 Kf6 26. Qa4 Ke7 27. h5 g5 28. Qd1 Qd7 29.
Qd2 h6 30. f4 f6 31. fxg5 fxg5 32. Qe3 Qc6 33. Kh2 a5 34. Bf3 a4 35. Qe2 Qb6 36. Kg2 Kf6 37. Qd2 Kg7 38. Bd1 Qc6 39. Bf3 g4 40.
Bxg4 Bxg4 0-1

[Event "*** Titled Tuesday Blitz"]
[Site "Chess.com"]
[Date "2020.05.12"]
[Round "7"]
[White "uchenic"]
[Black "Caisachess"]
[Result "1/2-1/2"]
[WhiteElo "2455"]
[BlackElo "2314"]
[TimeControl "180+1"]
[EndTime "11:16:24 PDT"]
[Termination "Game drawn by repetition"]

1. d4 Nf6 2. c4 e6 3. Nf3 d5 4. g3 Be7 5. Bg2 O-O 6. Nbd2 c5 7. cxd5 Nxd5 8. O-O Nc6 9. dxc5 Bxc5 10. Nb3 Be7 11. e4 Ndb4 12. Bd2 b6 13. Bc3 Ba6 14. Qxd8 Rfxd8 15.
Rfd1 Rac8 16. Nfd4 Nxd4 17. Nxd4 Nd3 18. Bf1 Nc5 19.
Bxa6 Nxa6 20. Nb5 Ra8 21. Rxd8+ Bxd8 22. Rd1 Nc5 23. f3 a6 24. Na7 Be7 25. Nc6 Bf8 26. Be5 Rc8 27. Na7 Ra8 28. Nc6 f6 29.
Bc3 Rc8 30. Nd4 Kf7 31. Kf2 Rd8 32. Ke2 Na4 33. Nc6 Rxd1 34. Kxd1 Nxc3+ 35. bxc3 Bc5 36. Nb8 a5 37. a4 Ke7 38. Nc6+ Kd6 39. Nd4 g6 40.
Kc2 e5 41. Nb5+ Kc6 42. Kd3 Bg1 43. h3 Bh2 44. g4 Bg1 45. Kc4 Bc5 46. Na7+ Kb7 47. Nb5 Kc6 48. Na7+ Kb7 49. Nb5 Kc6 1/2-1/2

[Event "*** Titled Tuesday Blitz"]
[Site "Chess.com"]
[Date "2020.05.12"]
[Round "7"]
[White "zmarian"]
[Black "DanilNajdin"]
[Result "0-1"]
[WhiteElo "2141"]
[BlackElo "2287"]
[TimeControl "180+1"]
[EndTime "11:16:25 PDT"]
[Termination "DanilNajdin won by resignation"]

1. g3 e5 2. Bg2 d5 3. Nf3 e4 4.
Nd4 c5 5. Nb3 c4 6. Nd4 Nc6 7.
Nxc6 bxc6 8. d3 cxd3 9. cxd3 exd3 10. Qxd3 Bb4+ 11. Nd2 Nf6 12. O-O O-O 13. a3 Bd6 14. e4 Re8 15. exd5 cxd5 16. Nb3 Rb8 17. Nd4 Qb6 18. b4 Ba6 19. Qd1 Bxf1 20. Bxf1 Re4 21. Bb2 Be5 22. Bg2 Bxd4 23. Bxe4 Bxb2 24. Ra2 dxe4 25. Rxb2 Rd8 26. Qe2 h5 27. Rc2 Qd4 28.
h4 Qa1+ 29. Kg2 Qxa3 30. b5 Qd3 31. Ra2 Qxe2 32. Rxe2 Rd7 33. Rb2 Rb7 34. Kf1 Nd5 35. Ke2 Nc3+ 36. Ke3 Nxb5 37. Ra2 f5 38. Ra5 Kf7 39.
Kf4 g6 40. Ra6 Nc7 41. Rc6 Ne6+ 42. Ke5 Rb5+ 43. Kd6 a5 44. Ra6 Rd5+ 45. Kc6 Rd2 46. Ra7+ Kf6 47. Rxa5 Rxf2 48. Ra6 Rd2 49. Ra3 Ke5 0-1